 Dungeon Crawl Stone Soup version 0.19.5 (webtiles) character file.

94 bobbobbob the Conjurer (level 4, -1/33 HPs)
             Began as a Draconian Conjurer on May 17, 2017.
             Slain by an orc wizard
             ... wielding a +0 dagger
              (3 damage)
             ... on level 3 of the Dungeon.
             The game lasted 00:07:35 (2248 turns).

bobbobbob the Conjurer (Draconian Conjurer)         Turns: 2248, Time: 00:07:36

Health: -1/33      AC:  5    Str: 11    XL:     4   Next: 38%
Magic:  4/7        EV: 12    Int: 16    God:
Gold:   162        SH:  0    Dex: 11    Spells: 1 memorised, 7 levels left

rFire  . . .     SeeInvis .       - Unarmed
rCold  . . .     Gourm    .     (armour unavailable)
rNeg   . . .     Faith    .     (no shield)
rPois  .         Spirit   .     (helmet restricted)
rElec  .         Reflect  .     (no cloak)
rCorr  .         Harm     .     (no gloves)
MR     .....                    (no boots)
Stlth  ++........               (no amulet)
                                (no ring)
                                (no ring)

@: no status effects
A: unfitting armour, cold-blooded, AC +5
a: no special abilities


You were on level 3 of the Dungeon.
You were very hungry.

You visited 1 branch of the dungeon, and saw 3 of its levels.

You collected 162 gold pieces.

Inventory:

Jewellery
 f - an uncursed amulet of guardian spirit {unknown}
 h - a cursed ring of resist corrosion {unknown}
Scrolls
 c - a scroll of fog {unknown}
 e - a scroll of noise {unknown}
Potions
 b - 2 potions of lignification {unknown}
 d - a potion of invisibility
 g - a potion of might
 i - 2 potions of degeneration
 j - a potion of magic
 k - a potion of cancellation
 m - a potion of agility {unknown}
Books
 a - a book of Conjurations

   Spells                             Type                      Level
   a - Magic Dart                     Conjuration                  1
   b - Searing Ray                    Conjuration                  2
   c - Dazzling Spray                 Conjuration/Hexes            3
   d - Fulminant Prism                Conjuration/Hexes            4
   e - Iskenderun's Mystic Blast      Conjuration                  4
   f - Iskenderun's Battlesphere      Conjuration/Charms           5
 l - a book of Misfortune

   Spells                             Type                      Level
   a - Confusing Touch                Hexes                        1
   b - Confuse                        Hexes                        3
   c - Gell's Gravitas                Hexes/Translocation          3
   d - Petrify                        Transmutation/Earth          4
   e - Metabolic Englaciation         Hexes/Ice                    5
   f - Yara's Violent Unravelling     Hexes/Transmutation          5


   Skills:
 - Level 0.2 Fighting
 + Level 2.0 Dodging
 + Level 2.0 Stealth
 - Level 1.0 Unarmed Combat
 + Level 2.6 Spellcasting
 + Level 5.1 Conjurations


You had 7 spell levels left.
You knew the following spells:

 Your Spells              Type           Power        Failure   Level  Hunger
a - Magic Dart            Conj           ###.         2%          1    #......


Dungeon Overview and Level Annotations

Branches:
Dungeon (3/15)

Altars:
Cheibriados
Hepliaklqana
Zin
The Shining One


Innate Abilities, Weirdness & Mutations

Your plain brown scales are hard. (AC +5)
You cannot fit into any form of body armour.
You are cold-blooded and may be slowed by cold attacks.


Message History

You are feeling very hungry.
The orc wizard casts a spell at you. The magic dart hits you!
* * * LOW HITPOINT WARNING * * *
The orc wizard gestures wildly while chanting.
The orc wizard blinks!
The orc hits you with a whip.
* * * LOW HITPOINT WARNING * * *
The orc wizard casts a spell.
The orc wizard seems to speed up.
The orc wizard casts a spell.
The orc wizard blinks!
The orc wizard casts a spell at you.
The magic dart hits something.
You hear some strange, mumbled words.
The orc wizard points at you and mumbles some strange words.
The magic dart hits something.
The orc hits you with a whip.
* * * LOW HITPOINT WARNING * * *
Something hits you.
You die...

########### #...o.....#
#.........# ...#
#..@{.....##...#
#..o......##...#
+.........##...#
#.........##...#
#######.##########...#
...$.................#
.........ยง...........#
.....................#####
..........................


You could see an orc wizard and an orc.

Vanquished Creatures
  4 adders (D:2)
  An ooze (D:1)
  2 worms
  A dart slug (D:2)
  2 leopard geckos (D:1)
  A ball python (D:2)
  4 giant cockroaches
  A hobgoblin (D:1)
  7 bats
  2 frilled lizards
  3 goblins
  11 kobolds
  5 rats
44 creatures vanquished.

Vanquished Creatures (others)
  A plant (D:1)
1 creature vanquished.

Grand Total: 45 creatures vanquished

Notes
Turn   | Place    | Note
-------+----------+-------------------------------------------
     0 | D:1      | bobbobbob the Draconian Conjurer began the quest for the Orb.
     0 | D:1      | Reached XP level 1. HP: 14/14 MP: 3/3
   252 | D:1      | Reached XP level 2. HP: 1/20 MP: 1/5
  1220 | D:1      | Reached XP level 3. HP: 26/26 MP: 4/6
  1347 | D:2      | Found a glowing silver altar of Zin.
  1631 | D:2      | Reached skill level 1 in Unarmed Combat
  1631 | D:2      | Reached skill level 5 in Conjurations
  1631 | D:2      | Reached XP level 4. HP: 33/33 MP: 2/7
  2099 | D:2      | Found a snail-covered altar of Cheibriados.
  2106 | D:2      | Found a glowing golden altar of the Shining One.
  2109 | D:2      | Found a hazy altar of Hepliaklqana.
  2248 | D:3      | Slain by an orc wizard

Skill      XL: |  1  2  3  4 |
---------------+-------------+-----
Dodging        | 2 |  2.0
Unarmed Combat | 1 |  1.0
Conjurations   | 5 |  5.1
Stealth        | 2 |  2.0
Fighting       | |  0.2
Spellcasting   | |  2.6

Action                   |  1- 3 |  4- 6 || total
-------------------------+-------+-------++-------
Melee: Unarmed           |    51 |    11 ||    62
       Tailslap          |     6 |       ||     6
 Cast: Magic Dart        |    66 |    25 ||    91
  Use: Scroll            |       |     5 ||     5
  Eat: Bread ration      |     1 |       ||     1
Armor: Skin              |    16 |     1 ||    17
Dodge: Dodged            |    32 |     3 ||    35
